 Dungeon Crawl Stone Soup version 0.28.0-45-g0d030f2227 (webtiles) character file.

Game seed: 3695098358950204535

6841 Gabide the Thaumaturge (level 10, -17/80 HPs)
             Began as a Mummy Necromancer on Apr 18, 2022.
             Was a Believer of Sif Muna.
             Demolished by Snorg (27 damage)
             ... on level 9 of the Dungeon on Apr 19, 2022.
             The game lasted 00:38:42 (13482 turns).

Gabide the Thaumaturge (Mummy Necromancer)         Turns: 13482, Time: 00:38:43

Health: -17/80     AC:  6    Str: 15    XL:     10   Next: 77%
Magic:  33/33      EV: 15    Int: 20    God:    Sif Muna [**....]
Gold:   70         SH:  0    Dex: 16    Spells: 16/29 levels left

rFire   . . .      SeeInvis .   j - +6 broad axe "Hunopas" {venom, Contam rC+ rN+ Str+4}
rCold   + + +      Faith    .   (no shield)
rNeg    + + +      Spirit   .   l - +2 robe {Will+}
rPois   ∞          Reflect  .   q - +0 helmet
rElec   .          Harm     .   v - scarf {rC+ rF+}
rCorr   .          Rampage  .   (no gloves)
Will    +++..                   u - +0 pair of boots
Stlth   +++.......              (no amulet)
HPRegen 0.23/turn               A - ring of Feomagruu {MP+9 Dex+4 Stlth+}
MPRegen 0.23/turn               w - ring of willpower

@: no status effects
A: cold resistance 1, negative energy resistance 3, torment resistance 2, heat
vulnerability 1, no potions
a: Renounce Religion, Channel Magic


You were on level 9 of the Dungeon.
You worshipped Sif Muna.
Sif Muna was pleased with you.
You visited 1 branch of the dungeon, and saw 10 of its levels.
You also visited: Sewer.

You collected 490 gold pieces.
You spent 420 gold pieces at shops.

Inventory:

Hand Weapons
 h - a +1 short sword of freezing
 i - a +4 dagger of protection
 j - the +6 broad axe "Hunopas" (weapon) {venom, Contam rC+ rN+ Str+4}
   (You found it on level 2 of the Dungeon)

   It poisons the flesh of those it strikes.
   Str:       It affects your strength (+4).
   rC:        It protects you from cold.
   rN:        It protects you from negative energy.
   Contam:    It causes magical contamination when unequipped.
 B - a +0 mace of pain
Missiles
 s - a throwing net
Armour
 l - a +2 robe of willpower (worn)
 q - a +0 helmet (worn)
 u - a +0 pair of boots (worn)
 v - a scarf of resistance (worn)
 x - an orb of light
Jewellery
 d - a +4 ring of slaying
 t - a ring of fire
 w - a ring of willpower (right hand)
 A - the ring of Feomagruu (left hand) {MP+9 Dex+4 Stlth+}
   (You bought it in a shop on level 9 of the Dungeon)

   [ring of magical power]

   Dex:       It affects your dexterity (+4).
   MP:        It affects your magic capacity (+9).
   Stlth:     It makes you more stealthy.
Wands
 z - a wand of flame (12)
Scrolls
 b - a scroll of acquirement {unknown}
 c - 2 scrolls of fog
 e - a scroll of magic mapping
 f - a scroll of holy word {unknown}
 g - a scroll of silence
 k - 3 scrolls of amnesia
 m - 3 scrolls of immolation
 n - a scroll of blinking
 o - a scroll of enchant armour {unknown}
 p - a scroll of enchant weapon
 r - 2 scrolls of teleportation
 y - 2 scrolls of identify


   Skills:
 * Level 8.3 Fighting
 * Level 7.1 Dodging
 - Level 1.5 Stealth
 * Level 10.3 Spellcasting
 * Level 9.3 Necromancy


You had 16 spell levels left.
You knew the following spells:

 Your Spells              Type           Power      Damage    Failure   Level
a - Pain                  Necr           100%       1d9       1%          1
b - Vampiric Draining     Necr           47%        2d9       1%          3
c - Animate Dead          Necr           23%        N/A       1%          4
d - Agony                 Necr           47%        N/A       4%          5

Your spell library contained the following spells:

 Spells                   Type           Power      Damage    Failure   Level
 Animate Skeleton         Necr           94%        N/A       1%          1


Dungeon Overview and Level Annotations

Branches:
Dungeon (10/15)            Temple (0/1) D:7            Lair (0/6) D:8
  Sewer (visited)
    Orc: D:9-12

Altars:
Cheibriados
Elyvilon
Gozag
Hepliaklqana
Makhleb
Qazlal
Sif Muna
Trog
Uskayaw
Vehumet
The Shining One

Shops:
D:5 :   D:8 *   D:9 *==

Annotations:
D:9 Snorg


Innate Abilities, Weirdness & Mutations

You are immune to poison.
Your flesh is cold resistant. (rC+)
You are immune to negative energy. (rN+++)
You are immune to unholy pain and torment.
You are vulnerable to heat. (rF-)
You do not drink.


Message History

No target in view!
HP restored.
Items here: ! ) [ †.
Things that are here:
a +0 hand axe; a +0 robe; an orc corpse A centaur comes into view.
A centaur is nearby!
The centaur shouts!
The centaur wields a +0 shortbow.
The centaur shoots an arrow.
The arrow hits you!
Snorg the Insatiable comes into view.
Snorg shouts!
The centaur shoots an arrow.
The arrow completely misses you.
The centaur shoots an arrow.
The arrow hits you.
Press: ? - help, v - describe, . - travel
Here: Snorg The floor.
Unknown command.
You see here a +0 helmet.
The centaur shoots an arrow.
The arrow hits you!
The centaur shoots an arrow.
The arrow barely misses you.
Snorg goes berserk!
The centaur shoots an arrow.
The arrow closely misses you.
The centaur shoots an arrow.
The arrow hits you!
Snorg rages.
Snorg rages.
Things that are here:
a +0 hand axe; a +0 robe; an orc corpse Snorg bites you.
Snorg claws you! Snorg barely misses you.
There is a stone staircase leading up here.
Snorg bites you!!
* * * LOW HITPOINT WARNING * * *
Snorg claws you!
* * * LOW HITPOINT WARNING * * *
Snorg barely misses you.
You climb upwards.
There is a stone staircase leading down here.
As you read the scroll labelled KUOFAGG OGRIE, it crumbles to dust.
You feel a surge of unholy energy.
Snorg convulses!
It was a scroll of torment.
Snorg bites you!!
You die...

....# #.# ###.# #.### #
#.########...## #
#.............##########
#
##########.............#
##..>########.# ##.##
#.# # #######...## #.#
###
#.........@#######.##
#.###
#.#####..T.[........#
...P# #.#
##.#########..# ...##
#.# #.# #..# P###
#.######.##### #..#
##### #.##.........#
#..# #...#
#.##..######.# ##..#
'...# #.##..# #.# #...#
#...#
#.....######.####..##


You could see Snorg (berserk).

Vanquished Creatures
  A centaur warrior (D:9)
  A two-headed ogre (D:8)
  2 kobold demonologists (D:9)
  A komodo dragon (D:8)
  2 trolls
  A hornet (D:7)
  3 wyverns
  A yak (D:10)
  3 basilisks (D:8)
  A steam dragon (D:9)
  2 acid dragons
  Duvessa (D:4)
  2 water moccasins
  A swamp drake (D:8)
  5 orc warriors
  A sky beast (D:5)
  An ice beast (D:7)
  A necrophage (D:7)
  A centaur (D:9)
  A phantom (D:5)
  3 kobold brigands
  A gnoll sergeant (D:9)
  A scorpion (D:7)
  Dowan (D:4)
  A water moccasin skeleton (D:7)
  3 howler monkeys
  4 hounds
  3 gnoll shamans
  4 orc priests
  2 iguanas
  Jessica (D:2)
  12 orc wizards
  4 river rats (Sewer)
  17 gnolls
  9 adders
  A shadow imp (D:5)
  A worm (D:3)
  A dart slug (D:4)
  25 orcs
  A bat (D:1)
  11 endoplasms
  6 giant cockroaches
  5 goblins
  4 hobgoblins
  6 jackals
  3 quokkas (D:5)
  11 ball pythons
  4 frilled lizards
  19 kobolds
  6 rats
202 creatures vanquished.

Vanquished Creatures (collateral kills)
  2 gnolls (D:8)
2 creatures vanquished.

Vanquished Creatures (others)
  14 plants
14 creatures vanquished.

Grand Total: 218 creatures vanquished

Notes
Turn   | Place    | Note
-------+----------+-------------------------------------------
     0 | D:1      | Gabide the Mummy Necromancer began the quest for the Orb.
     0 | D:1      | Reached XP level 1. HP: 13/13 MP: 4/4
   455 | D:1      | Reached skill level 3 in Spellcasting
   455 | D:1      | Reached XP level 2. HP: 20/20 MP: 3/6
   643 | D:1      | Found a faded altar of an unknown god.
   942 | D:2      | Identified the +6 broad axe "Hunopas" {venom, Contam rC+
                  | rN+ Str+4}
   983 | D:2      | Reached skill level 1 in Fighting
  1067 | D:2      | Noticed Jessica
  1076 | D:2      | Killed Jessica
  1077 | D:2      | Reached XP level 3. HP: 26/26 MP: 0/7
  1435 | D:2      | You fall into a shaft and drop 2 floors!
  1471 | D:4      | Found a bloodstained altar of Trog.
  1512 | D:5      | Entered Level 5 of the Dungeon
  1599 | D:5      | Found a glowing drain.
  1620 | Sewer    | Entered a sewer
  1783 | Sewer    | Learned a level 3 spell: Vampiric Draining
  1793 | Sewer    | Reached XP level 4. HP: 27/33 MP: 3/9
  2289 | Sewer    | Noticed a kobold brigand
  2344 | Sewer    | Killed a kobold brigand
  2345 | Sewer    | Reached skill level 4 in Spellcasting
  2345 | Sewer    | Reached XP level 5. HP: 33/39 MP: 6/11
  2882 | D:5      | Reached skill level 5 in Necromancy
  2930 | D:5      | Noticed a water moccasin
  2949 | D:5      | Found Davvyqed's Book Boutique.
  3022 | D:5      | Reached XP level 6. HP: 18/46 MP: 12/12
  3263 | D:5      | Found a stormy altar of Qazlal.
  3986 | D:4      | Noticed Duvessa
  3986 | D:4      | Noticed Dowan
  3996 | D:4      | Killed Duvessa
  3997 | D:4      | Reached skill level 5 in Spellcasting
  3997 | D:4      | Reached XP level 7. HP: 28/52 MP: 10/14
  4018 | D:4      | Killed Dowan
  5395 | D:3      | Learned a level 4 spell: Animate Dead
  5401 | D:3      | Learned a level 5 spell: Agony
  6355 | D:6      | Noticed a troll
  6381 | D:5      | Reached skill level 6 in Spellcasting
  6434 | D:6      | Noticed a troll
  6483 | D:6      | Noticed a two-headed ogre
  6483 | D:6      | Noticed a wraith
  6718 | D:6      | Noticed a two-headed ogre
  6744 | D:6      | Reached XP level 8. HP: 15/61 MP: 17/17
  6967 | D:6      | Noticed a gargoyle
  7105 | D:7      | Found an opulent altar of Gozag.
  7112 | D:7      | Found a shimmering blue altar of Sif Muna.
  7117 | D:7      | Found a hide-covered altar of Uskayaw.
  7119 | D:7      | Became a worshipper of Sif Muna the Loreminder
  7475 | D:7      | Found a radiant altar of Vehumet.
  7487 | D:7      | Noticed a hornet
  7493 | D:7      | Killed a hornet
  7494 | D:7      | Reached skill level 5 in Fighting
  7494 | D:7      | Reached skill level 7 in Spellcasting
  7744 | D:7      | Found a snail-covered altar of Cheibriados.
  7860 | D:7      | Found a burning altar of Makhleb.
  8023 | D:7      | Found a staircase to the Ecumenical Temple.
  8152 | D:7      | Reached skill level 5 in Dodging
  8323 | D:8      | Found a hazy altar of Hepliaklqana.
  8603 | D:8      | Reached XP level 9. HP: 60/69 MP: 11/20
  8809 | D:8      | Reached * piety under Sif Muna
  8892 | D:8      | Reached skill level 8 in Spellcasting
  8908 | D:8      | Noticed a two-headed ogre
  8920 | D:8      | Killed a two-headed ogre
  9195 | D:8      | Noticed a troll
  9195 | D:8      | Noticed a komodo dragon
  9218 | D:8      | Killed a troll
  9412 | D:8      | Reached skill level 9 in Spellcasting
  9573 | D:8      | Found Kouxte's Lightly-Used Armoury.
  9587 | D:8      | Identified the +0 plate armour of the Depths {rF- Str+2
                  | Stlth+}
  9859 | D:8      | Killed a komodo dragon
  9860 | D:8      | Reached XP level 10. HP: 76/79 MP: 12/23
  9925 | D:8      | Found a staircase to the Lair.
 10157 | D:9      | Found Ajudd's General Store.
 10389 | D:9      | Noticed a smoke demon
 10390 | D:9      | Noticed a soul eater
 10542 | D:9      | Found Naizoyn's Jewellery Shoppe.
 10544 | D:9      | Identified the +4 whip of Mutilation {vorpal, rF+ Str+3
                  | Int+4}
 10935 | D:9      | Found Viuseczoleu's Jewellery Shoppe.
 11955 | D:9      | Noticed a centaur warrior
 11968 | D:9      | Killed a centaur warrior
 12408 | D:9      | Reached skill level 10 in Spellcasting
 12519 | D:9      | Bought the ring of Feomagruu {MP+9 Dex+4 Stlth+} for 420
                  | gold pieces
 12576 | D:10     | Entered Level 10 of the Dungeon
 12820 | D:10     | Reached ** piety under Sif Muna
 12925 | D:10     | Noticed a deep elf archer
 12985 | D:10     | Noticed a two-headed ogre
 13017 | D:10     | Noticed a death knight
 13468 | D:10     | Noticed Snorg
 13482 | D:9      | Demolished by Snorg

Illustrated notes

Levels and vault maps discovered:
D:1:      shiori_shiawase, layout_loops_ring, basic_ecumenical_altar,
          corexii_hall_statues_t
D:2:      layout_basic, uniq_jessica
D:3:      layout_loops_ring, minmay_fountain_box, grunt_ministairs_7
D:4:      layout_basic, mainiacjoe_overflow_small_starburst, minmay_bisected,
          uniq_duvessa
D:5:      layout_rooms, lemuel_round_altar, serial_shops, nicolae_diamond_shop,
          portal_sewer_entry_f
D:6:      cheibrodos_fzero, layout_cave_pools, minmay_misc_feat_roman
D:7:      layout_basic, vehumet_crystals, tso_altar,
          nicolae_overflow_hallway_of_the_gods, temple_statues,
          nicolae_grassy_gnolls
D:8:      layout_rooms, nicolae_hepliaklqana_hazy_memory, erik_lair_dragon,
          minivault_23, minmay_shop_damaged, grunt_decor_resistance
D:9:      wad_cavern_with_rooms, layout_loops_ring, serial_shops,
          kennysheep_mini, shop_statue, shop
D:10:     kennysheep_windowed_halls, layout_layer_cave,
          gammafunk_temple_overflow_arena, uniq_snorg, uniq_psyche

Skill      XL: |  1  2  3  4  5  6  7  8  9 10 |
---------------+-------------------------------+-----
Spellcasting   | 3 4 5 6 7 9 10 | 10.3
Fighting       | 1 2 3 4 5 7 8 |  8.3
Dodging        | 2 3 4 5 6 7 |  7.1
Necromancy     | 5 6 7 8 9 |  9.3
Stealth        | |  1.5

Action                   |  1- 3 |  4- 6 |  7- 9 | 10-12 || total
-------------------------+-------+-------+-------+-------++-------
Melee: Broad axe         |     1 |    34 |   101 |    67 ||   203
       Punch             |       |       |     2 |     1 ||     3
Throw: Throwing net      |       |     1 |     3 |       ||     4
 Cast: Pain              |    72 |    73 |   164 |    31 ||   340
       Vampiric Draining |       |       |     7 |    29 ||    36
       Agony             |       |       |     9 |    13 ||    22
       Animate Dead      |       |       |     4 |     2 ||     6
  Use: Scroll            |       |     6 |     5 |     5 ||    16
 Stab: Sleeping          |       |       |       |     1 ||     1
Armor: Robe              |     2 |    16 |    49 |    44 ||   111
Dodge: Dodged            |    12 |    24 |   119 |   111 ||   266
